 Dungeon Crawl Stone Soup version 0.22-a0-136-g83a10e5 (webtiles) character file.

195 Gorice the Chopper (level 5, 0/48 HPs)
             Began as a Hill Orc Fighter on Feb 1, 2018.
             Slain by a sky beast (5 damage)
             ... on level 3 of the Dungeon on Feb 2, 2018.
             The game lasted 00:06:18 (1934 turns).

Gorice the Chopper (Hill Orc Fighter)               Turns: 1934, Time: 00:06:19

Health: 0/48       AC: 11    Str: 19    XL:     5   Next: 74%
Magic:  5/5        EV:  7    Int:  8    God:
Gold:   207        SH:  9    Dex: 11    Spells: 4/4 levels left

rFire    . . .     SeeInvis +   a - +0 war axe
rCold    . . .     Gourm    .   c - +0 shield
rNeg     . . .     Faith    .   o - +0 scale mail
rPois    .         Spirit   .   (no helmet)
rElec    .         Reflect  .   e - +2 cloak
rCorr    .         Harm     .   p - +0 pair of gloves
MR       .....     Rnd*Tele +   (no boots)
Stlth    ..........             (no amulet)
HPRegen  0.16/turn              r - ring of teleportation (curse)
MPRegen  0.09/turn              i - ring of see invisible

@: lethally poisoned (0 -> -1)
A: no striking features
a: no special abilities


You were on level 3 of the Dungeon.
You were hungry.

You visited 1 branch of the dungeon, and saw 3 of its levels.

You collected 207 gold pieces.

Inventory:

Hand Weapons
 a - a +0 war axe (weapon)
 b - a +0 hand axe of electrocution
   (You took it off a kobold on level 2 of the Dungeon)
Missiles
 j - 19 sling bullets
 Y - 53 stones (quivered)
Armour
 c - a +0 shield (worn)
 e - a +2 cloak (worn)
 l - a +0 chain mail
 o - a +0 scale mail (worn)
 p - a +0 pair of gloves (worn)
Jewellery
 g - an uncursed ring of positive energy
 i - a ring of see invisible (right hand)
 r - a cursed ring of teleportation (left hand)
Potions
 d - a potion of might {!q}
 k - 3 potions of curing
 m - a potion of brilliance {!q}
 n - a potion of ambrosia {unknown}
 q - 2 potions of flight
 s - a potion of haste {unknown}
Comestibles
 f - 6 rations
 h - 4 chunks of flesh


   Skills:
 + Level 5.1 Fighting
 * Level 6.4 Axes
 - Level 3.2 Armour
 - Level 3.2 Shields


You had 4 spell levels left.
You didn't know any spells.

Dungeon Overview and Level Annotations

Branches:
Dungeon (3/15)

Altars:


Message History

The sky beast is lightly wounded.
The sky beast hits you but does no damage.
You slash the sky beast!
The sky beast is heavily wounded.
The sky beast barely misses you. The sky beast hits you.
The sky beast shocks you.
* * * LOW HITPOINT WARNING * * *
Damage: 8 (max 8)
You barely miss the sky beast.
The sky beast is heavily wounded.
You feel sick. The sky beast hits you.
* * * LOW HITPOINT WARNING * * *
The sky beast shocks you.
* * * LOW HITPOINT WARNING * * *
Damage: 7 (max 8)
You slash the sky beast!
The sky beast is severely wounded.
The sky beast hits you but does no damage.
Unknown command.
You barely miss the sky beast.
The sky beast is severely wounded.
The sky beast barely misses you. x2
Unknown command.
You closely miss the sky beast.
The sky beast is severely wounded.
You feel sick.
The sky beast hits you but does no damage.
Damage: 1 (max 8) Unknown command.
You barely miss the sky beast.
The sky beast is severely wounded.
The sky beast hits you but does no damage.
Unknown command.
You hit the sky beast.
The sky beast is almost dead.
You block the sky beast's attack.
Unknown command.
You barely miss the sky beast.
The sky beast is almost dead.
You feel sick. The sky beast hits you.
* * * LOW HITPOINT WARNING * * *
The sky beast shocks you.
* * * LOW HITPOINT WARNING * * *
The sky beast completely misses you.
You closely miss the sky beast.
The sky beast is almost dead.
The sky beast hits you.
* * * LOW HITPOINT WARNING * * *
The sky beast shocks you.
You die...

##......
#########...####
#.........###
##########.###......#
#..........)##.####.#
#.########..##.# #.#
#..##.# #.#
..########..##.# #.#
.....(.Y@)....)#
#.#####
...#######..#..#
#...[..
...........#..#
#######
........##.#..#
........# .# ..
....S...# .# ##
...?..... .#
........# ##
.........


You could see a sky beast.

Vanquished Creatures
  Terence (D:2)
  Natasha (D:3)
  An orc wizard (D:3)
  A gnoll (D:1)
  5 adders
  A dart slug (D:1)
  2 leopard geckos
  6 orcs (D:3)
  5 bats
  2 giant cockroaches
  6 goblins
  7 hobgoblins
  7 jackals (D:2)
  4 frilled lizards
  5 kobolds
  4 rats
58 creatures vanquished.

Notes
Turn   | Place    | Note
-------+----------+-------------------------------------------
     0 | D:1      | Gorice the Hill Orc Fighter began the quest for the Orb.
     0 | D:1      | Reached XP level 1. HP: 19/19 MP: 1/1
    82 | D:1      | Reached skill level 3 in Axes
    82 | D:1      | Reached XP level 2. HP: 27/27 MP: 2/2
   168 | D:1      | Reached skill level 4 in Fighting
   413 | D:1      | Upgraded the game from 0.22-a0-135-g6f012ad to 0.22-a0-136-g83a10e5
   637 | D:1      | Reached skill level 4 in Axes
   637 | D:1      | Reached XP level 3. HP: 24/33 MP: 3/3
  1180 | D:2      | Reached XP level 4. HP: 41/41 MP: 4/4
  1227 | D:2      | Reached skill level 5 in Axes
  1247 | D:2      | Noticed Terence
  1253 | D:2      | Killed Terence
  1760 | D:3      | Noticed Natasha
  1767 | D:3      | Killed Natasha
  1767 | D:3      | Reached XP level 5. HP: 38/47 MP: 5/5
  1802 | D:3      | Reached skill level 6 in Axes
  1875 | D:3      | Reached skill level 5 in Fighting
  1919 | D:3      | Noticed a sky beast
  1927 | D:3      | HP: 13/48 [sky beast (5)]
  1933 | D:3      | HP: 13/48 [poisoned by an adder]
  1933 | D:3      | HP: 6/48 [sky beast (6)]
  1934 | D:3      | Slain by a sky beast

Vault maps used:
D:1:      dpeg_arrival_houses_and_road, corner_web_ring
D:2:      cheibrodos_old_hovel, first_ration, uniq_terence
D:3:      uniq_natasha, uniq_jessica, uniq_grinder

Skill      XL: |  1  2  3  4  5 |
---------------+----------------+-----
Axes           | 3 4 5 6 |  6.4
Fighting       | 4 5 |  5.1
Armour         | |  3.2
Shields        | |  3.2

Action                   |  1- 3 |  4- 6 || total
-------------------------+-------+-------++-------
Melee: War axe           |    81 |    10 ||    91
       Hand axe          |     7 |    95 ||   102
Throw: Stone             |       |     2 ||     2
  Use: Scroll            |     3 |     4 ||     7
  Eat: Chunk             |     1 |     2 ||     3
Armor: Scale mail        |    59 |    52 ||   111
Dodge: Dodged            |    48 |    16 ||    64
Block: Shield            |    60 |    33 ||    93

Table legend:
 A = Spawn XP
 B = Non-spawn XP
 C = Spawn XP percentage of total XP
 D = Spawn monster count
 E = Non-spawn monster count
 F = Spawn count percentage of total count
 G = Total turns spent on level
                    A         B        C        D         E        F      G
               +---------+---------+-------+---------+---------+-------+---------
         Total |       0 |     279 |   0.0 |       0 |      58 |   0.0 |  1934
               +---------+---------+-------+---------+---------+-------+---------
           D:1 |       0 |      37 |   0.0 |       0 |      13 |   0.0 |   850
           D:2 |       0 |     121 |   0.0 |       0 |      31 |   0.0 |   751
           D:3 |       0 |     121 |   0.0 |       0 |      14 |   0.0 |   333
               +---------+---------+-------+---------+---------+-------+---------

Table legend:
 A = Turns spent in this place as a percentage of turns spent in the entire game.
 B = Non-inter-level travel turns spent in this place as a percentage of non-inter-level travel turns spent in the entire game.
 C = Inter-level travel turns spent in this place as a percentage of turns spent in this place.
 D = Turns resting spent in this place as a percentage of non-inter-level travel turns spent in this place.
 E = Turns spent auto-exploring this place as a percentage of non-inter-level travel turns spent in this place.
 F = Non-inter-level travel turns spent in this place divided by the number of levels of this place that you've seen.
                   A       B       C       D       E      F
               +-------+-------+-------+-------+-------+----------------------
         Total | 100.0 | 100.0 |   4.0 |   0.0 |  69.5 | 619.0
       Dungeon | 100.0 | 100.0 |   4.0 |   0.0 |  69.5 | 619.0
               +-------+-------+-------+-------+-------+----------------------

Vault maps used:
D:1:      dpeg_arrival_houses_and_road, corner_web_ring
D:2:      cheibrodos_old_hovel, first_ration, uniq_terence
D:3:      uniq_natasha, uniq_jessica, uniq_grinder
